WCHLSIM.com - West Coast Hockey League
html PUBLIC "-//W3C//DTD XHTML 1.0 Transitional//EN" "http://www.w3.org/TR/xhtml1/DTD/xhtml1-transitional.dtd"> WCHL - Game 908 - SAN DIEGO THUNDER vs SACRAMENTO BANDITS

SAN DIEGO THUNDER vs SACRAMENTO BANDITS

Created - 1 avril 2021 at 21:23

Goals
1 2 3 T
SAN DIEGO THUNDER 0 0 0 0
SACRAMENTO BANDITS 3 1 1 5
Shots
1 2 3 T
SAN DIEGO THUNDER 8 5 13 26
SACRAMENTO BANDITS 10 10 10 30

1st period

1. SACRAMENTO BANDITS , Aleksander Barkov 27 (Sam Reinhart 11) at 3:54
2. SACRAMENTO BANDITS , Aleksander Barkov 28 (Sam Reinhart 12, Filip Hronek 13) at 5:55
3. SACRAMENTO BANDITS , Aleksander Barkov 29 (Patrik Laine 31) at 18:41 (PP)

Penalties :
John Carlson (SAC) for Slashing (Minor) at 0:43, Connor Murphy (SDG) for Holding Stick (Minor) at 18:17

2nd period

4. SACRAMENTO BANDITS , Aleksander Barkov 30 (Patrik Laine 32, Sam Reinhart 13) at 0:26

Penalties :
Ryan Hartman (SDG) for Holding (Minor) at 11:07, Jean-Gabriel Pageau (SDG) for Slashing (Minor) at 17:55

3rd period

5. SACRAMENTO BANDITS , Patrik Laine 26 (Aleksander Barkov 46) at 4:51

Penalties :
Evander Kane (SDG) for Holding (Minor) at 17:52

Goalie Stats

Connor Hellebuyck (SDG), 7 saves from 7 shots - (1,000), 15:09 minutes
Louis Domingue (SDG), 18 saves from 23 shots - (0,783), L, 8-4-2, 44:51 minutes
Andrei Vasilevskiy (SAC), 26 saves from 26 shots - (1,000), W, 28-13-3, 60:00 minutes

Players Stats for SAN DIEGO THUNDER

Player Name              G  A  P  +/- PIM S  H  SB GA TA FO     MP     PP MP  PK MP  
------------------------------------------------------------------------------------
Charles McAvoy           0  0  0  -2  0   1  0  0  0  0  0/0    20:26   1:08   3:17 
Connor Murphy            0  0  0  -1  2   0  0  2  0  0  0/0    24:23   0:51   2:30 
David Perron             0  0  0  -3  0   3  0  0  0  0  1/2    19:36   1:08   1:55 
Deryk Engelland          0  0  0  -1  0   1  0  0  0  0  0/0    14:38   0:02   0:00 
Drake Batherson          0  0  0   0  0   0  0  0  0  0  1/3     5:50   0:00   1:34 
Erik Johnson             0  0  0  -1  0   0  4  2  0  0  0/0    25:11   0:51   3:17 
Evander Kane             0  0  0  -1  2   2  0  0  0  0  1/1    18:47   0:51   0:06 
Ilya Mikheyev            0  0  0  -3  0   2  1  1  0  0  0/1    17:41   1:08   0:00 
Jean-Gabriel Pageau      0  0  0   0  2   3  1  0  0  0  9/13   16:55   1:08   2:48 
Logan Couture            0  0  0  -3  0   1  0  0  0  0  9/28   18:32   0:00   1:59 
Marcus Foligno           0  0  0   0  0   4  2  0  0  0  0/1    19:15   0:00   1:59 
Mark Borowiecki          0  0  0  -2  0   1  1  2  0  0  0/0    19:05   0:00   3:04 
Mark Scheifele           0  0  0  -1  0   2  0  0  0  0  12/17  18:42   0:51   0:00 
Nikita Kucherov          0  0  0  -1  0   3  0  1  0  0  0/1    18:42   0:51   0:00 
Patrik Nemeth            0  0  0  -1  0   1  0  0  0  0  0/0    14:36   0:00   0:00 
Rasmus Dahlin            0  0  0   0  0   0  0  0  0  0  0/0     1:40   1:06   0:34 
Robert Fabbri            0  0  0   0  0   2  0  0  0  0  1/5     4:16   0:00   0:00 
Ryan Hartman             0  0  0   0  2   0  1  0  0  0  0/2    15:20   0:00   2:21 

Players Stats for SACRAMENTO BANDITS

Player Name              G  A  P  +/- PIM S  H  SB GA TA FO     MP     PP MP  PK MP  
------------------------------------------------------------------------------------
Aleksander Barkov        4  1  5   4  0   7  1  0  0  0  18/30  21:20   3:54   0:34 
Alexander DeBrincat      0  0  0   0  0   0  0  0  0  0  0/2    12:06   0:00   0:00 
Brock Boeser             0  0  0   0  0   2  1  0  0  0  1/1    21:27   2:27   0:34 
Colton Sissons           0  0  0   0  0   0  0  0  0  0  0/0     4:16   0:00   0:00 
Filip Hronek             0  1  1   2  0   0  0  1  0  0  0/0    20:54   3:34   0:24 
Jamie Benn               0  0  0   0  0   2  1  0  0  0  0/0    13:31   0:00   1:25 
Jay Beagle               0  0  0   0  0   0  0  0  0  0  2/3     4:16   0:00   0:00 
Joel Edmundson           0  0  0   0  0   0  1  0  0  0  0/0    15:36   0:54   1:25 
John Carlson             0  0  0   2  2   5  0  1  0  0  0/0    24:20   2:54   0:00 
John Tavares             0  0  0   0  0   3  0  0  0  0  12/25  20:53   2:27   0:00 
Jonathan Huberdeau       0  0  0   0  0   4  1  0  0  0  0/0    20:53   2:27   0:00 
Justin Williams          0  0  0   0  0   0  1  0  0  0  0/0     4:16   0:00   0:00 
Lars Eller               0  0  0   0  0   2  0  1  0  0  7/11   13:31   0:00   1:25 
Mattias Ekholm           0  0  0   2  0   0  0  1  0  0  0/0    23:00   2:33   1:35 
P.K. Subban              0  0  0   0  0   0  0  1  0  0  0/0    13:17   0:00   0:00 
Patrik Laine             1  2  3   4  0   3  3  0  0  0  0/0    20:46   3:54   0:00 
Ryan Suter               0  0  0   2  0   0  4  1  0  0  0/0    22:52   2:47   0:34 
Sam Reinhart             0  3  3   4  0   2  0  0  0  0  0/2    20:46   3:54   0:00 

3 Stars

1 - Aleksander Barkov (SAC)
2 - Patrik Laine (SAC)
3 - Andrei Vasilevskiy (SAC)

Power Play

SAN DIEGO THUNDER - 0 on 1 Attempt(s) - 0,00%
SACRAMENTO BANDITS - 1 on 4 Attempt(s) - 25,00%

Penalty Kill

SAN DIEGO THUNDER - 3 on 4 Attempt(s) - 75,00% - Score 0 goal in Penalty Kill
SACRAMENTO BANDITS - 1 on 1 Attempt(s) - 100,00% - Score 0 goal in Penalty Kill

Team Stat

SAN DIEGO THUNDER - Hits : 10 - Faceoff Wins : 34 - Blocked Shots : 8 - Penalty Minutes : 8
SACRAMENTO BANDITS - Hits : 13 - Faceoff Wins : 40 - Blocked Shots : 6 - Penalty Minutes : 2

Official

Referees : Dave Lewis and Brad Meier
Linesman : Scott Driscoll and Vaughan Rody

Game Notes

Aleksander Barkov has scored a Hat Trick!
Connor Hellebuyck enters game at 4:51 of 3rd period

Finance

Level 1 -- Attendance: 5627 (90,68%) -- Ticket Income 900 320 $
Level 2 -- Attendance: 3986 (75,49%) -- Ticket Income 558 040 $
Level 3 -- Attendance: 1692 (79,25%) -- Ticket Income 203 040 $
Level 4 -- Attendance: 2643 (61,75%) -- Ticket Income 237 870 $
Luxury Box -- Attendance: 907 (89,80%) -- Ticket Income 272 100 $
Game was played at the Sacramento Center Palace.
Total Attendance: 14855 (78,56%)
Total Ticket Income: 2 171 370 $
Other Expense: 21 714 $
Total Income: 2 149 656 $

SAN DIEGO THUNDER

5 vs 5 Forward 
   Center                   Left Wing                Right Wing               Time % Phy DF OF 
 1 Mark Scheifele           Evander Kane             Nikita Kucherov          35     1   1  3  
 2 Logan Couture            David Perron             Ilya Mikheyev            33     1   1  3  
 3 Jean-Gabriel Pageau      Marcus Foligno           Ryan Hartman             26     0   3  2  
 4 Robert Fabbri            Marcus Foligno           Drake Batherson          6      0   4  1  

5 vs 5 Defense 
   Defense                  Defense                                           Time % Phy DF OF 
 1 Erik Johnson             Connor Murphy                                     36     0   3  2  
 2 Mark Borowiecki          Charles McAvoy                                    31     0   3  2  
 3 Deryk Engelland          Patrik Nemeth                                     18     0   4  1  
 4 Connor Murphy            Erik Johnson                                      15     0   2  3  

PowerPlay Forward 
   Center                   Left Wing                Right Wing               Time % Phy DF OF 
 1 Mark Scheifele           Evander Kane             Nikita Kucherov          55     0   0  5  
 2 Jean-Gabriel Pageau      David Perron             Ilya Mikheyev            45     0   0  5  

PowerPlay Defense
   Defense                  Defense                                           Time % Phy DF OF 
 1 Rasmus Dahlin            Charles McAvoy                                    55     0   0  5  
 2 Erik Johnson             Rasmus Dahlin                                     45     0   0  5  

Penalty Kill 4 Players Forward 
   Center                   Wing                     Time % Phy DF OF 
 1 Jean-Gabriel Pageau      Ryan Hartman             55     0   4  1  
 2 Logan Couture            Marcus Foligno           45     0   4  1  

Penalty Kill 4 Players Defense
   Defense                  Defense                  Time % Phy DF OF 
 1 Mark Borowiecki          Connor Murphy            55     0   4  1  
 2 Erik Johnson             Charles McAvoy           45     0   4  1  

Penalty Kill - 3 Players Forward 
   Forward                                           Time % Phy DF OF 
 1 Ryan Hartman                                      55     0   4  1  
 2 Jean-Gabriel Pageau                               45     0   4  1  

Penalty Kill - 3 Players Defense
   Defense                  Defense                  Time % Phy DF OF 
 1 Erik Johnson             Connor Murphy            55     0   4  1  
 2 Charles McAvoy           Mark Borowiecki          45     0   4  1  

4 vs 4 Forward 
   Center                   Wing                     Time % Phy DF OF 
 1 Mark Scheifele           Nikita Kucherov          55     0   2  3  
 2 Logan Couture            David Perron             45     0   2  3  

4 vs 4 Defense
   Defense                  Defense                  Time % Phy DF OF 
 1 Charles McAvoy           Connor Murphy            55     1   2  2  
 2 Erik Johnson             Mark Borowiecki          45     1   2  2  

Last Minutes Offensive
   Center                   Left Wing                Right Wing               Defense                  Defense                  
   Mark Scheifele           David Perron             Nikita Kucherov          Charles McAvoy           Rasmus Dahlin            

Last Minutes Defensive
   Center                   Left Wing                Right Wing               Defense                  Defense                  
   Mark Scheifele           Evander Kane             Ilya Mikheyev            Charles McAvoy           Connor Murphy            

Goaltenders
Starting : Louis Domingue           
Backup : Connor Hellebuyck        

Extra Forwards
Normal : Mark Scheifele, David Perron, Evander Kane - PP : Mark Scheifele, Marcus Foligno - PK : Ryan Hartman
Extra Defensemen
Normal : Connor Murphy, Charles McAvoy, Rasmus Dahlin - PP : Charles McAvoy - PK : Connor Murphy, Charles McAvoy
Penalty Shots
Mark Scheifele, David Perron, Evander Kane, Jean-Gabriel Pageau, Ilya Mikheyev
Custom OT Lines Forwards
Mark Scheifele, Nikita Kucherov, David Perron, Evander Kane, Logan Couture, Ilya Mikheyev, Jean-Gabriel Pageau, Drake Batherson, Marcus Foligno, Ryan Hartman
Custom OT Lines Defensemen
Charles McAvoy, Connor Murphy, Erik Johnson, Mark Borowiecki, Deryk Engelland

Scratches
Laurent Brossoit (Healthy)

SACRAMENTO BANDITS

5 vs 5 Forward 
   Center                   Left Wing                Right Wing               Time % Phy DF OF 
 1 John Tavares             Jonathan Huberdeau       Brock Boeser             36     1   2  2  
 2 Aleksander Barkov        Patrik Laine             Sam Reinhart             31     1   2  2  
 3 Lars Eller               Jamie Benn               Alexander DeBrincat      23     1   2  2  
 4 Jay Beagle               Justin Williams          Colton Sissons           10     1   2  2  

5 vs 5 Defense 
   Defense                  Defense                                           Time % Phy DF OF 
 1 John Carlson             Ryan Suter                                        36     1   2  2  
 2 Mattias Ekholm           Filip Hronek                                      31     1   2  2  
 3 P.K. Subban              Joel Edmundson                                    23     1   2  2  
 4 John Carlson             Mattias Ekholm                                    10     1   2  2  

PowerPlay Forward 
   Center                   Left Wing                Right Wing               Time % Phy DF OF 
 1 John Tavares             Jonathan Huberdeau       Brock Boeser             55     1   2  2  
 2 Aleksander Barkov        Patrik Laine             Sam Reinhart             45     1   2  2  

PowerPlay Defense
   Defense                  Defense                                           Time % Phy DF OF 
 1 John Carlson             Filip Hronek                                      55     1   2  2  
 2 Mattias Ekholm           Ryan Suter                                        45     1   2  2  

Penalty Kill 4 Players Forward 
   Center                   Wing                     Time % Phy DF OF 
 1 Lars Eller               Jamie Benn               55     1   4  0  
 2 Aleksander Barkov        Brock Boeser             45     1   4  0  

Penalty Kill 4 Players Defense
   Defense                  Defense                  Time % Phy DF OF 
 1 John Carlson             Ryan Suter               55     1   4  0  
 2 Mattias Ekholm           Joel Edmundson           45     1   4  0  

Penalty Kill - 3 Players Forward 
   Forward                                           Time % Phy DF OF 
 1 Lars Eller                                        55     1   2  2  
 2 Aleksander Barkov                                 45     1   2  2  

Penalty Kill - 3 Players Defense
   Defense                  Defense                  Time % Phy DF OF 
 1 John Carlson             Ryan Suter               55     1   2  2  
 2 Mattias Ekholm           Joel Edmundson           45     1   2  2  

4 vs 4 Forward 
   Center                   Wing                     Time % Phy DF OF 
 1 Aleksander Barkov        Brock Boeser             55     1   2  2  
 2 John Tavares             Jonathan Huberdeau       45     1   2  2  

4 vs 4 Defense
   Defense                  Defense                  Time % Phy DF OF 
 1 John Carlson             Ryan Suter               55     1   2  2  
 2 Mattias Ekholm           Filip Hronek             45     1   2  2  

Last Minutes Offensive
   Center                   Left Wing                Right Wing               Defense                  Defense                  
   John Tavares             Jonathan Huberdeau       Sam Reinhart             John Carlson             Joel Edmundson           

Last Minutes Defensive
   Center                   Left Wing                Right Wing               Defense                  Defense                  
   Aleksander Barkov        Jamie Benn               Sam Reinhart             John Carlson             Joel Edmundson           

Goaltenders
Starting : Andrei Vasilevskiy       
Backup : Craig Anderson           

Extra Forwards
Normal : Sam Reinhart, Jay Beagle, Aleksander Barkov - PP : Aleksander Barkov, Jay Beagle - PK : Aleksander Barkov
Extra Defensemen
Normal : Filip Hronek, John Carlson, Mattias Ekholm - PP : Filip Hronek - PK : John Carlson, Mattias Ekholm
Penalty Shots
Aleksander Barkov, Jonathan Huberdeau, Jamie Benn, Brock Boeser, Sam Reinhart
Custom OT Lines Forwards
Aleksander Barkov, Patrik Laine, John Tavares, Brock Boeser, Sam Reinhart, Jonathan Huberdeau, Jay Beagle, Lars Eller, Colton Sissons, Jamie Benn
Custom OT Lines Defensemen
John Carlson, Ryan Suter, Mattias Ekholm, Joel Edmundson, Filip Hronek

Scratches
Luca Sbisa (Healthy), Zach Aston-Reese (Healthy)

% Time on Ice - SAN DIEGO THUNDER

Lines # - Real PCT - Wanted PCT - Time Play
Normal Forward
1 - 35% - 35% - 17:51
2 - 32% - 33% - 16:33
3 - 25% - 26% - 13:00
4 - 8% - 6% - 4:16
Normal Defense
1 - 32% - 36% - 16:19
2 - 31% - 31% - 16:01
3 - 28% - 18% - 14:36
4 - 9% - 15% - 4:44
PP Forward
1 - 43% - 55% - 0:51
2 - 57% - 45% - 1:08
PP Defense
1 - 57% - 55% - 1:08
2 - 43% - 45% - 0:51
PK Forward
1 - 69% - 55% - 4:22
2 - 31% - 45% - 1:59
PK Defense
1 - 48% - 55% - 3:04
2 - 52% - 45% - 3:17
PK3 Forward
1 - 0% - 55%
2 - 0% - 45%
PK3 Defense
1 - 0% - 55%
2 - 0% - 45%
44 Forward
1 - 0% - 55%
2 - 0% - 45%
44 Defense
1 - 0% - 55%
2 - 0% - 45%
Last Minute Offensive  - 0:00
Last Minute Defensive  - 0:00
Total
Forward - 60:00
Defense - 60:00

% Time on Ice - SACRAMENTO BANDITS

Lines # - Real PCT - Wanted PCT - Time Play
Normal Forward
1 - 36% - 36% - 18:26
2 - 33% - 31% - 16:52
3 - 23% - 23% - 12:06
4 - 8% - 10% - 4:16
Normal Defense
1 - 37% - 36% - 19:02
2 - 33% - 31% - 16:56
3 - 26% - 23% - 13:17
4 - 5% - 10% - 2:25
PP Forward
1 - 39% - 55% - 2:27
2 - 61% - 45% - 3:54
PP Defense
1 - 56% - 55% - 3:34
2 - 44% - 45% - 2:47
PK Forward
1 - 71% - 55% - 1:25
2 - 29% - 45% - 0:34
PK Defense
1 - 29% - 55% - 0:34
2 - 71% - 45% - 1:25
PK3 Forward
1 - 0% - 55%
2 - 0% - 45%
PK3 Defense
1 - 0% - 55%
2 - 0% - 45%
44 Forward
1 - 0% - 55%
2 - 0% - 45%
44 Defense
1 - 0% - 55%
2 - 0% - 45%
Last Minute Offensive  - 0:00
Last Minute Defensive  - 0:00
Total
Forward - 60:00
Defense - 60:00

Play-by-Play

1st period


0:01 of 1st period - Mark Scheifele wins face-off versus John Tavares in neutral zone.
0:06 of 1st period - Shot by Nikita Kucherov.
0:06 of 1st period - Shot Misses the Net.
0:17 of 1st period - Nikita Kucherov is hit by Ryan Suter and loses puck.
0:27 of 1st period - Nikita Kucherov is hit by Ryan Suter and loses puck.
0:32 of 1st period - Shot by Mark Scheifele.
0:32 of 1st period - Shot Blocked by Ryan Suter.
0:34 of 1st period - Shot by Nikita Kucherov.
0:34 of 1st period - Shot Misses the Net.
0:43 of 1st period - Minor Penalty to John Carlson for Slashing.
0:44 of 1st period - Lars Eller wins face-off versus David Perron in SACRAMENTO BANDITS zone.
0:44 of 1st period - Lars Eller is hit by Jean-Gabriel Pageau.
0:50 of 1st period - Jean-Gabriel Pageau is hit by Jamie Benn and loses puck.
2:58 of 1st period - Deryk Engelland is hit by Justin Williams and loses puck.
3:25 of 1st period - Off-side.
3:26 of 1st period - Aleksander Barkov wins face-off versus Logan Couture in neutral zone.
3:45 of 1st period - Mark Borowiecki is hit by Patrik Laine and loses puck.
3:54 of 1st period - Shot by Aleksander Barkov.
3:54 of 1st period - Goal by Aleksander Barkov - SAN DIEGO THUNDER : 0 - SACRAMENTO BANDITS : 1.
3:55 of 1st period - John Tavares wins face-off versus Mark Scheifele in neutral zone.
4:32 of 1st period - Shot by Jonathan Huberdeau.
4:32 of 1st period - Shot Misses the Net.
4:34 of 1st period - Shot by Joel Edmundson.
4:34 of 1st period - Shot Blocked by Erik Johnson.
4:38 of 1st period - Shot by John Tavares.
4:38 of 1st period - Shot Hit the Post.
5:13 of 1st period - Shot by Marcus Foligno.
5:13 of 1st period - Stopped by Andrei Vasilevskiy without a rebound.
5:14 of 1st period - Aleksander Barkov wins face-off versus Logan Couture in SACRAMENTO BANDITS zone.
5:39 of 1st period - Deryk Engelland is hit by Patrik Laine.
5:45 of 1st period - Shot by David Perron.
5:45 of 1st period - Stopped by Andrei Vasilevskiy with a rebound.
5:55 of 1st period - Shot by Aleksander Barkov.
5:55 of 1st period - Goal by Aleksander Barkov - SAN DIEGO THUNDER : 0 - SACRAMENTO BANDITS : 2.
5:56 of 1st period - Jean-Gabriel Pageau wins face-off versus Lars Eller in neutral zone.
6:09 of 1st period - Shot by Jean-Gabriel Pageau.
6:09 of 1st period - Shot Misses the Net.
6:31 of 1st period - Shot by Jamie Benn.
6:31 of 1st period - Shot Misses the Net.
7:15 of 1st period - Shot by Jonathan Huberdeau.
7:15 of 1st period - Stopped by Louis Domingue without a rebound.
7:16 of 1st period - Aleksander Barkov wins face-off versus Logan Couture in SAN DIEGO THUNDER zone.
7:17 of 1st period - Shot by Sam Reinhart.
7:17 of 1st period - Stopped by Louis Domingue without a rebound.
7:18 of 1st period - Aleksander Barkov wins face-off versus Logan Couture in SAN DIEGO THUNDER zone.
7:35 of 1st period - Shot by Aleksander Barkov.
7:35 of 1st period - Stopped by Louis Domingue with a rebound.
7:59 of 1st period - Shot by Aleksander Barkov.
7:59 of 1st period - Shot Misses the Net.
9:13 of 1st period - Shot by Robert Fabbri.
9:13 of 1st period - Stopped by Andrei Vasilevskiy without a rebound.
9:14 of 1st period - Robert Fabbri wins face-off versus Alexander DeBrincat in SACRAMENTO BANDITS zone.
9:20 of 1st period - Shot by Robert Fabbri.
9:20 of 1st period - Shot Misses the Net.
9:26 of 1st period - Shot by Marcus Foligno.
9:26 of 1st period - Stopped by Andrei Vasilevskiy without a rebound.
9:27 of 1st period - Jay Beagle wins face-off versus Logan Couture in SACRAMENTO BANDITS zone.
9:38 of 1st period - David Perron is hit by Ryan Suter and loses puck.
9:53 of 1st period - David Perron is hit by Ryan Suter.
10:49 of 1st period - Shot by Mark Scheifele.
10:49 of 1st period - Shot Misses the Net.
11:12 of 1st period - Icing by Filip Hronek.
11:13 of 1st period - Aleksander Barkov wins face-off versus Ryan Hartman in SACRAMENTO BANDITS zone.
11:13 of 1st period - Aleksander Barkov is hit by Marcus Foligno.
11:43 of 1st period - Shot by Marcus Foligno.
11:43 of 1st period - Stopped by Andrei Vasilevskiy without a rebound.
11:44 of 1st period - John Tavares wins face-off versus Logan Couture in SACRAMENTO BANDITS zone.
12:53 of 1st period - Off-side.
12:54 of 1st period - Jay Beagle wins face-off versus Mark Scheifele in neutral zone.
12:59 of 1st period - Icing by Nikita Kucherov.
13:00 of 1st period - Lars Eller wins face-off versus Mark Scheifele in SAN DIEGO THUNDER zone.
13:48 of 1st period - Shot by Alexander DeBrincat.
13:48 of 1st period - Shot Misses the Net.
14:36 of 1st period - Shot by Jean-Gabriel Pageau.
14:36 of 1st period - Deflect By Marcus Foligno.
14:36 of 1st period - Stopped by Andrei Vasilevskiy without a rebound.
14:37 of 1st period - Logan Couture wins face-off versus John Tavares in SACRAMENTO BANDITS zone.
15:01 of 1st period - Brock Boeser is hit by Erik Johnson and loses puck.
15:56 of 1st period - Icing by Deryk Engelland.
15:57 of 1st period - Mark Scheifele wins face-off versus Jay Beagle in SAN DIEGO THUNDER zone.
16:56 of 1st period - Off-side.
16:57 of 1st period - Logan Couture wins face-off versus John Tavares in neutral zone.
17:04 of 1st period - Shot by John Tavares.
17:04 of 1st period - Stopped by Louis Domingue with a rebound.
17:06 of 1st period - Shot by John Tavares.
17:06 of 1st period - Stopped by Louis Domingue without a rebound.
17:07 of 1st period - John Tavares wins face-off versus Ryan Hartman in SAN DIEGO THUNDER zone.
18:12 of 1st period - Shot by Mark Scheifele.
18:12 of 1st period - Shot Misses the Net.
18:17 of 1st period - Minor Penalty to Connor Murphy for Holding Stick.
18:18 of 1st period - Aleksander Barkov wins face-off versus Jean-Gabriel Pageau in SAN DIEGO THUNDER zone.
18:31 of 1st period - Shot by Sam Reinhart.
18:31 of 1st period - Stopped by Louis Domingue without a rebound.
18:32 of 1st period - Aleksander Barkov wins face-off versus Logan Couture in SAN DIEGO THUNDER zone.
18:39 of 1st period - Shot by Patrik Laine.
18:39 of 1st period - Deflect By Aleksander Barkov.
18:39 of 1st period - Shot Misses the Net.
18:41 of 1st period - Shot by Aleksander Barkov.
18:41 of 1st period - Goal by Aleksander Barkov - SAN DIEGO THUNDER : 0 - SACRAMENTO BANDITS : 3.
18:42 of 1st period - Logan Couture wins face-off versus Lars Eller in neutral zone.
18:49 of 1st period - Shot by David Perron.
18:49 of 1st period - Shot Misses the Net.
19:05 of 1st period - Shot by Jamie Benn.
19:05 of 1st period - Stopped by Louis Domingue without a rebound.
19:06 of 1st period - Mark Scheifele wins face-off versus Aleksander Barkov in SAN DIEGO THUNDER zone.
19:13 of 1st period - Shot by Evander Kane.
19:13 of 1st period - Shot Blocked by P.K. Subban.
19:15 of 1st period - Shot by Deryk Engelland.
19:15 of 1st period - Shot Misses the Net.
19:27 of 1st period - Shot by Evander Kane.
19:27 of 1st period - Shot Misses the Net.
19:29 of 1st period - Shot by Deryk Engelland.
19:29 of 1st period - Stopped by Andrei Vasilevskiy without a rebound.
19:30 of 1st period - John Tavares wins face-off versus Marcus Foligno in SACRAMENTO BANDITS zone.
19:52 of 1st period - Shot by Jean-Gabriel Pageau.
19:52 of 1st period - Stopped by Andrei Vasilevskiy without a rebound.
19:53 of 1st period - Logan Couture wins face-off versus Aleksander Barkov in SACRAMENTO BANDITS zone.
Goals for this period are 0 for SAN DIEGO THUNDER vs 3 for SACRAMENTO BANDITS.
Shots for this period are 8 for SAN DIEGO THUNDER vs 10 for SACRAMENTO BANDITS.

2nd period


0:01 of 2nd period - Mark Scheifele wins face-off versus Aleksander Barkov in neutral zone.
0:22 of 2nd period - Shot by Aleksander Barkov.
0:22 of 2nd period - Stopped by Louis Domingue with a rebound.
0:24 of 2nd period - Shot by Patrik Laine.
0:24 of 2nd period - Shot Misses the Net.
0:26 of 2nd period - Shot by Aleksander Barkov.
0:26 of 2nd period - Goal by Aleksander Barkov - SAN DIEGO THUNDER : 0 - SACRAMENTO BANDITS : 4.
0:27 of 2nd period - Logan Couture wins face-off versus John Tavares in neutral zone.
0:32 of 2nd period - Icing by Mattias Ekholm.
0:33 of 2nd period - Brock Boeser wins face-off versus Jean-Gabriel Pageau in SACRAMENTO BANDITS zone.
0:56 of 2nd period - Shot by Jean-Gabriel Pageau.
0:56 of 2nd period - Shot Misses the Net.
0:58 of 2nd period - Shot by Ryan Hartman.
0:58 of 2nd period - Shot Misses the Net.
1:00 of 2nd period - Shot by Jean-Gabriel Pageau.
1:00 of 2nd period - Shot Hit the Post.
1:02 of 2nd period - Shot by Charles McAvoy.
1:02 of 2nd period - Stopped by Andrei Vasilevskiy without a rebound.
1:03 of 2nd period - Aleksander Barkov wins face-off versus Logan Couture in SACRAMENTO BANDITS zone.
1:05 of 2nd period - Icing by Patrik Laine.
1:06 of 2nd period - Logan Couture wins face-off versus Sam Reinhart in SACRAMENTO BANDITS zone.
1:29 of 2nd period - Shot by Patrik Laine.
1:29 of 2nd period - Stopped by Louis Domingue without a rebound.
1:30 of 2nd period - Lars Eller wins face-off versus Mark Scheifele in SAN DIEGO THUNDER zone.
1:57 of 2nd period - Shot by Jamie Benn.
1:57 of 2nd period - Shot Blocked by Mark Borowiecki.
1:59 of 2nd period - Shot by Alexander DeBrincat.
1:59 of 2nd period - Shot Misses the Net.
2:01 of 2nd period - Shot by Jamie Benn.
2:01 of 2nd period - Stopped by Louis Domingue with a rebound.
2:13 of 2nd period - Shot by Alexander DeBrincat.
2:13 of 2nd period - Shot Misses the Net.
4:08 of 2nd period - John Tavares is hit by Ryan Hartman and loses puck.
6:54 of 2nd period - Jonathan Huberdeau is hit by Erik Johnson.
7:50 of 2nd period - Off-side.
7:51 of 2nd period - Lars Eller wins face-off versus Robert Fabbri in neutral zone.
7:58 of 2nd period - Robert Fabbri is hit by Joel Edmundson and loses puck.
9:16 of 2nd period - Shot by Patrik Laine.
9:16 of 2nd period - Shot Misses the Net.
9:31 of 2nd period - Icing by Mattias Ekholm.
9:32 of 2nd period - Jean-Gabriel Pageau wins face-off versus Aleksander Barkov in SACRAMENTO BANDITS zone.
9:38 of 2nd period - Icing by Aleksander Barkov.
9:39 of 2nd period - Jean-Gabriel Pageau wins face-off versus Aleksander Barkov in SACRAMENTO BANDITS zone.
9:58 of 2nd period - Shot by Marcus Foligno.
9:58 of 2nd period - Deflect By Jean-Gabriel Pageau.
9:58 of 2nd period - Stopped by Andrei Vasilevskiy without a rebound.
9:59 of 2nd period - John Tavares wins face-off versus Ilya Mikheyev in SACRAMENTO BANDITS zone.
9:59 of 2nd period - John Tavares is hit by Ilya Mikheyev.
10:55 of 2nd period - Icing by John Carlson.
10:56 of 2nd period - Jean-Gabriel Pageau wins face-off versus John Tavares in SACRAMENTO BANDITS zone.
11:07 of 2nd period - Minor Penalty to Ryan Hartman for Holding.
11:08 of 2nd period - Jean-Gabriel Pageau wins face-off versus Aleksander Barkov in SAN DIEGO THUNDER zone.
12:33 of 2nd period - Icing by Sam Reinhart.
12:34 of 2nd period - Logan Couture wins face-off versus Aleksander Barkov in SACRAMENTO BANDITS zone.
12:49 of 2nd period - Shot by Aleksander Barkov.
12:49 of 2nd period - Shot Blocked by Erik Johnson.
13:54 of 2nd period - Shot by Evander Kane.
13:54 of 2nd period - Stopped by Andrei Vasilevskiy without a rebound.
13:55 of 2nd period - John Tavares wins face-off versus Robert Fabbri in SACRAMENTO BANDITS zone.
14:10 of 2nd period - Shot by Robert Fabbri.
14:10 of 2nd period - Stopped by Andrei Vasilevskiy without a rebound.
14:11 of 2nd period - Aleksander Barkov wins face-off versus Logan Couture in SACRAMENTO BANDITS zone.
14:40 of 2nd period - Shot by David Perron.
14:40 of 2nd period - Stopped by Andrei Vasilevskiy without a rebound.
14:41 of 2nd period - Jean-Gabriel Pageau wins face-off versus John Tavares in SACRAMENTO BANDITS zone.
15:28 of 2nd period - Shot by Jonathan Huberdeau.
15:28 of 2nd period - Stopped by Louis Domingue without a rebound.
15:29 of 2nd period - Mark Scheifele wins face-off versus Aleksander Barkov in SAN DIEGO THUNDER zone.
15:58 of 2nd period - Icing by Filip Hronek.
15:59 of 2nd period - Logan Couture wins face-off versus Sam Reinhart in SACRAMENTO BANDITS zone.
16:40 of 2nd period - Patrik Nemeth is hit by Brock Boeser and loses puck.
17:13 of 2nd period - John Tavares is hit by Erik Johnson.
17:54 of 2nd period - Lars Eller is hit by Marcus Foligno and loses puck.
17:55 of 2nd period - Minor Penalty to Jean-Gabriel Pageau for Slashing.
17:56 of 2nd period - Aleksander Barkov wins face-off versus Drake Batherson in SAN DIEGO THUNDER zone.
17:59 of 2nd period - Shot by Aleksander Barkov.
17:59 of 2nd period - Shot Blocked by Connor Murphy.
18:01 of 2nd period - Shot by John Carlson.
18:01 of 2nd period - Stopped by Louis Domingue with a rebound.
18:03 of 2nd period - Shot by John Carlson.
18:03 of 2nd period - Stopped by Louis Domingue without a rebound.
18:04 of 2nd period - Drake Batherson wins face-off versus Aleksander Barkov in SAN DIEGO THUNDER zone.
18:19 of 2nd period - Shot by Patrik Laine.
18:19 of 2nd period - Stopped by Louis Domingue without a rebound.
18:20 of 2nd period - John Tavares wins face-off versus Drake Batherson in SAN DIEGO THUNDER zone.
18:38 of 2nd period - Jonathan Huberdeau is hit by Erik Johnson and loses puck.
19:17 of 2nd period - Ryan Hartman is hit by Patrik Laine.
19:42 of 2nd period - Off-side.
19:43 of 2nd period - Aleksander Barkov wins face-off versus Logan Couture in neutral zone.
19:50 of 2nd period - Shot by Aleksander Barkov.
19:50 of 2nd period - Stopped by Louis Domingue without a rebound.
19:51 of 2nd period - John Tavares wins face-off versus Logan Couture in SAN DIEGO THUNDER zone.
19:52 of 2nd period - Shot by John Carlson.
19:52 of 2nd period - Stopped by Louis Domingue without a rebound.
19:53 of 2nd period - Logan Couture wins face-off versus John Tavares in SAN DIEGO THUNDER zone.
Goals for this period are 0 for SAN DIEGO THUNDER vs 1 for SACRAMENTO BANDITS.
Shots for this period are 5 for SAN DIEGO THUNDER vs 10 for SACRAMENTO BANDITS.

3rd period


0:01 of 3rd period - Aleksander Barkov wins face-off versus Jean-Gabriel Pageau in neutral zone.
0:04 of 3rd period - Shot by Patrik Laine.
0:04 of 3rd period - Shot Blocked by Connor Murphy.
0:25 of 3rd period - Icing by Connor Murphy.
0:26 of 3rd period - Jean-Gabriel Pageau wins face-off versus John Tavares in SAN DIEGO THUNDER zone.
0:42 of 3rd period - Shot by Jean-Gabriel Pageau.
0:42 of 3rd period - Shot Hit the Post.
1:13 of 3rd period - Off-side.
1:14 of 3rd period - Mark Scheifele wins face-off versus Aleksander Barkov in neutral zone.
1:25 of 3rd period - Shot by John Carlson.
1:25 of 3rd period - Stopped by Louis Domingue without a rebound.
1:26 of 3rd period - Lars Eller wins face-off versus Logan Couture in SAN DIEGO THUNDER zone.
1:29 of 3rd period - Shot by Jamie Benn.
1:29 of 3rd period - Shot Misses the Net.
1:39 of 3rd period - Shot by Ilya Mikheyev.
1:39 of 3rd period - Shot Misses the Net.
1:47 of 3rd period - Shot by David Perron.
1:47 of 3rd period - Shot Blocked by Lars Eller.
1:49 of 3rd period - Shot by Patrik Nemeth.
1:49 of 3rd period - Shot Blocked by Filip Hronek.
1:55 of 3rd period - Shot by Ilya Mikheyev.
1:55 of 3rd period - Stopped by Andrei Vasilevskiy without a rebound.
1:56 of 3rd period - Mark Scheifele wins face-off versus Aleksander Barkov in SACRAMENTO BANDITS zone.
1:57 of 3rd period - Shot by Nikita Kucherov.
1:57 of 3rd period - Deflect By Mark Scheifele.
1:57 of 3rd period - Stopped by Andrei Vasilevskiy without a rebound.
1:58 of 3rd period - Mark Scheifele wins face-off versus Aleksander Barkov in SACRAMENTO BANDITS zone.
3:30 of 3rd period - Shot by David Perron.
3:30 of 3rd period - Stopped by Andrei Vasilevskiy with a rebound.
3:32 of 3rd period - Shot by Mark Borowiecki.
3:32 of 3rd period - Stopped by Andrei Vasilevskiy without a rebound.
3:33 of 3rd period - Jean-Gabriel Pageau wins face-off versus Lars Eller in SACRAMENTO BANDITS zone.
3:57 of 3rd period - Shot by Jean-Gabriel Pageau.
3:57 of 3rd period - Deflect By Ryan Hartman.
3:57 of 3rd period - Shot Misses the Net.
4:49 of 3rd period - Shot by Brock Boeser.
4:49 of 3rd period - Stopped by Louis Domingue without a rebound.
4:50 of 3rd period - Aleksander Barkov wins face-off versus Logan Couture in SAN DIEGO THUNDER zone.
4:51 of 3rd period - Shot by Patrik Laine.
4:51 of 3rd period - Goal by Patrik Laine - SAN DIEGO THUNDER : 0 - SACRAMENTO BANDITS : 5.
4:51 of 3rd period - Connor Hellebuyck enters game.
4:52 of 3rd period - Aleksander Barkov wins face-off versus Logan Couture in neutral zone.
6:07 of 3rd period - Shot by Jonathan Huberdeau.
6:07 of 3rd period - Shot Blocked by Nikita Kucherov.
6:09 of 3rd period - Shot by Jonathan Huberdeau.
6:09 of 3rd period - Stopped by Connor Hellebuyck with a rebound.
6:11 of 3rd period - Shot by Mattias Ekholm.
6:11 of 3rd period - Shot Misses the Net.
6:31 of 3rd period - Shot by Brock Boeser.
6:31 of 3rd period - Shot Misses the Net.
6:37 of 3rd period - Shot by John Tavares.
6:37 of 3rd period - Stopped by Connor Hellebuyck without a rebound.
6:38 of 3rd period - Lars Eller wins face-off versus Robert Fabbri in SAN DIEGO THUNDER zone.
6:43 of 3rd period - Shot by Lars Eller.
6:43 of 3rd period - Shot Misses the Net.
7:48 of 3rd period - Icing by Filip Hronek.
7:49 of 3rd period - Evander Kane wins face-off versus John Tavares in SACRAMENTO BANDITS zone.
7:54 of 3rd period - Shot by Mark Scheifele.
7:54 of 3rd period - Stopped by Andrei Vasilevskiy with a rebound.
7:56 of 3rd period - Shot by Nikita Kucherov.
7:56 of 3rd period - Shot Misses the Net.
8:08 of 3rd period - Shot by Nikita Kucherov.
8:08 of 3rd period - Stopped by Andrei Vasilevskiy without a rebound.
8:09 of 3rd period - Aleksander Barkov wins face-off versus Logan Couture in SACRAMENTO BANDITS zone.
8:30 of 3rd period - Shot by Logan Couture.
8:30 of 3rd period - Shot Misses the Net.
8:32 of 3rd period - Shot by Ilya Mikheyev.
8:32 of 3rd period - Shot Misses the Net.
8:34 of 3rd period - Shot by Mark Borowiecki.
8:34 of 3rd period - Shot Misses the Net.
8:44 of 3rd period - Shot by Ilya Mikheyev.
8:44 of 3rd period - Shot Misses the Net.
8:46 of 3rd period - Shot by Ilya Mikheyev.
8:46 of 3rd period - Stopped by Andrei Vasilevskiy without a rebound.
8:47 of 3rd period - Mark Scheifele wins face-off versus John Tavares in SACRAMENTO BANDITS zone.
8:48 of 3rd period - Shot by Evander Kane.
8:48 of 3rd period - Stopped by Andrei Vasilevskiy without a rebound.
8:49 of 3rd period - John Tavares wins face-off versus Mark Scheifele in SACRAMENTO BANDITS zone.
9:11 of 3rd period - Connor Murphy is hit by Jonathan Huberdeau and loses puck.
10:22 of 3rd period - Off-side.
10:23 of 3rd period - David Perron wins face-off versus Lars Eller in neutral zone.
10:56 of 3rd period - Shot by Jamie Benn.
10:56 of 3rd period - Shot Blocked by Ilya Mikheyev.
10:58 of 3rd period - Shot by Lars Eller.
10:58 of 3rd period - Stopped by Connor Hellebuyck without a rebound.
10:59 of 3rd period - Aleksander Barkov wins face-off versus Robert Fabbri in SAN DIEGO THUNDER zone.
11:27 of 3rd period - Shot by Robert Fabbri.
11:27 of 3rd period - Shot Blocked by John Carlson.
11:47 of 3rd period - Charles McAvoy is hit by Aleksander Barkov and loses puck.
12:01 of 3rd period - Off-side.
12:02 of 3rd period - John Tavares wins face-off versus Logan Couture in neutral zone.
12:11 of 3rd period - Shot by Brock Boeser.
12:11 of 3rd period - Stopped by Connor Hellebuyck without a rebound.
12:12 of 3rd period - Mark Scheifele wins face-off versus John Tavares in SAN DIEGO THUNDER zone.
14:06 of 3rd period - Off-side.
14:07 of 3rd period - Jean-Gabriel Pageau wins face-off versus Alexander DeBrincat in neutral zone.
14:44 of 3rd period - Shot by Lars Eller.
14:44 of 3rd period - Stopped by Connor Hellebuyck without a rebound.
14:45 of 3rd period - Mark Scheifele wins face-off versus John Tavares in SAN DIEGO THUNDER zone.
14:59 of 3rd period - Shot by Jonathan Huberdeau.
14:59 of 3rd period - Stopped by Connor Hellebuyck without a rebound.
15:00 of 3rd period - Aleksander Barkov wins face-off versus Logan Couture in SAN DIEGO THUNDER zone.
15:43 of 3rd period - Shot by Logan Couture.
15:43 of 3rd period - Stopped by Andrei Vasilevskiy with a rebound.
16:08 of 3rd period - Shot by Ryan Hartman.
16:08 of 3rd period - Shot Misses the Net.
16:15 of 3rd period - Aleksander Barkov is hit by Mark Borowiecki and loses puck.
16:26 of 3rd period - Shot by Jean-Gabriel Pageau.
16:26 of 3rd period - Stopped by Andrei Vasilevskiy without a rebound.
16:27 of 3rd period - Mark Scheifele wins face-off versus John Tavares in SACRAMENTO BANDITS zone.
16:34 of 3rd period - Shot by Nikita Kucherov.
16:34 of 3rd period - Stopped by Andrei Vasilevskiy without a rebound.
16:35 of 3rd period - John Tavares wins face-off versus Nikita Kucherov in SACRAMENTO BANDITS zone.
16:58 of 3rd period - Shot by Evander Kane.
16:58 of 3rd period - Shot Misses the Net.
17:00 of 3rd period - Shot by Patrik Nemeth.
17:00 of 3rd period - Stopped by Andrei Vasilevskiy with a rebound.
17:02 of 3rd period - Shot by Nikita Kucherov.
17:02 of 3rd period - Shot Blocked by Mattias Ekholm.
17:04 of 3rd period - Shot by Nikita Kucherov.
17:04 of 3rd period - Stopped by Andrei Vasilevskiy without a rebound.
17:05 of 3rd period - Lars Eller wins face-off versus Jean-Gabriel Pageau in SACRAMENTO BANDITS zone.
17:52 of 3rd period - Minor Penalty to Evander Kane for Holding.
17:53 of 3rd period - John Tavares wins face-off versus Logan Couture in SAN DIEGO THUNDER zone.
18:14 of 3rd period - Shot by John Carlson.
18:14 of 3rd period - Stopped by Connor Hellebuyck without a rebound.
18:15 of 3rd period - Aleksander Barkov wins face-off versus Logan Couture in SAN DIEGO THUNDER zone.
18:32 of 3rd period - Shot by Aleksander Barkov.
18:32 of 3rd period - Shot Blocked by Mark Borowiecki.
18:34 of 3rd period - Shot by Ryan Suter.
18:34 of 3rd period - Shot Misses the Net.
18:36 of 3rd period - Shot by Aleksander Barkov.
18:36 of 3rd period - Shot Misses the Net.
Goals for this period are 0 for SAN DIEGO THUNDER vs 1 for SACRAMENTO BANDITS.
Shots for this period are 13 for SAN DIEGO THUNDER vs 10 for SACRAMENTO BANDITS.


NATHAN
MACKINNON
PHILLIP
DANAULT
CONNOR
MCDAVID

EAST COAST

HOCKEY LEAGUE

  • 25.QUE4CHI5
  • 26.CHA2LIM3
  • 27.TRV2LON3
  • 28.CHW4BAL2
  • 29.PITMAN
  • 30.ATLNHW
  • 31.WORPET
  • 32.RHI